 Dungeon Crawl Stone Soup version 0.29.0-4-gdea44cf6ec (webtiles) character file.

Game seed: 772625761352008291

76 qw the Chopper (level 4, -2/26 HPs)
             Began as a Tengu Warper on Aug 28, 2022.
             Slain by an iguana (5 damage)
             ... on level 3 of the Dungeon.
             The game lasted 00:00:14 (2889 turns).

qw the Chopper (Tengu Warper)                       Turns: 2889, Time: 00:00:15

Health: -2/26      AC: 12    Str: 14    XL:     4   Next: 32%
Magic:  8/8        EV:  4    Int: 13    God:
Gold:   83         SH:  0    Dex: 13    Spells: 7/7 levels left

rFire   . . .      SeeInvis .   Y - +0 hand axe
rCold   . . .      Faith    .   (no shield)
rNeg    . . .      Spirit   .   e - +0 plate armour
rPois   .          Reflect  .   f - +1 hat
rElec   .          Harm     .   c - +0 cloak
rCorr   .          Rampage  .   (no gloves)
Will    .....                   (boots unavailable)
Stlth   ..........              (no amulet)
HPRegen 0.08/turn               (no ring)
MPRegen 0.11/turn               (no ring)

@: no status effects
A: beak, talons 3
a: no special abilities


You were on level 3 of the Dungeon.
You visited 1 branch of the dungeon, and saw 3 of its levels.

You collected 83 gold pieces.


Innate Abilities, Weirdness & Mutations

You have a beak for a mouth.
You have claws for feet.


   Skills:
 - Level 2.0 Fighting
 - Level 4.9 Axes
 - Level 1.0 Throwing
 + Level 1.1 Armour
 - Level 2.1 Dodging
 - Level 2.0 Spellcasting
 - Level 2.4 Translocations


You had 7 spell levels left.
You didn't know any spells.
Your spell library contained the following spells:

 Spells                   Type           Power      Damage    Failure   Level
 Blink                    Tloc           14%        N/A       100%        2
 Gell's Gravitas          Tloc           7%         N/A       100%        3
 Lesser Beckoning         Tloc           7%         N/A       100%        3
 Teleport Other           Tloc           7%         N/A       100%        3
 Manifold Assault         Tloc           7%         N/A       100%        5

Inventory:

Hand Weapons
 g - a +0 club
 Y - a +0 hand axe (weapon)
Armour
 c - a +0 cloak (worn)
 e - a +0 plate armour (worn)
 f - a +1 hat (worn)
Scrolls
 a - a scroll of identify
Potions
 h - a potion of resistance
 k - a potion of might {unknown}
 l - a potion of curing

Dungeon Overview and Level Annotations

Branches:
Dungeon (3/15)

Altars:


Message History

What level of the Dungeon? (default 1, ? - help)
There is a stone staircase leading down here.
You climb downwards.
The frilled lizard hisses angrily.
Found 10 gold pieces.
Found a stone staircase leading up.
There is a stone staircase leading up here.
A frilled lizard is nearby!
Existing waypoints: (1) D:2 (2) D:1 Assign waypoint to what number? (0-9, D - delete waypoint) Waypoint 2 re-assigned from D:1 to D:3.
You miss the frilled lizard. You peck the frilled lizard.
You kill the frilled lizard!
An iguana comes into view.
The iguana hisses angrily.
You closely miss the iguana. You punch the iguana.
The iguana is lightly wounded.
The iguana bites you.
You barely miss the iguana. You claw the iguana.
The iguana is lightly wounded.
The iguana bites you!
You closely miss the iguana. Your kick misses the iguana.
The iguana is lightly wounded.
The iguana bites you but does no damage.
You hit the iguana but do no damage. Your kick misses the iguana.
The iguana is lightly wounded.
The iguana barely misses you.
You closely miss the iguana. Your kick misses the iguana. You peck the iguana.
The iguana is moderately wounded.
The iguana completely misses you.
You closely miss the iguana. You claw the iguana, but do no damage.
The iguana is moderately wounded.
The iguana bites you!
You hit the iguana. Your peck misses the iguana.
The iguana is heavily wounded.
The iguana bites you but does no damage.
You hit the iguana. Your kick misses the iguana. Your peck misses the iguana.
The iguana is severely wounded.
The iguana bites you.
You die...

....... #.....#
.# #.....+ ..#
#.....# ..#
###.....##..#
#$..........#.#
#.....l.......
#.....@...#
#.......%.+
#.<.....<.#
########+##


You could see an iguana.

Vanquished Creatures
  3 adders (D:2)
  2 dart slugs (D:2)
  5 ball pythons
  2 endoplasms (D:1)
  5 giant cockroaches
  3 goblins (D:1)
  6 hobgoblins
  2 quokkas (D:1)
  7 bats
  5 frilled lizards
  2 kobolds (D:1)
  3 rats
45 creatures vanquished.

Vanquished Creatures (others)
  3 plants (D:1)
3 creatures vanquished.

Grand Total: 48 creatures vanquished

Notes
Turn   | Place    | Note
-------+----------+-------------------------------------------
     0 | D:1      | qw the Tengu Warper began the quest for the Orb.
     0 | D:1      | Reached XP level 1. HP: 12/12 MP: 4/4
     0 | D:1      | 0 ||| qw: Version: 0.1-a-89-g26bdef1
     0 | D:1      | 0 ||| qw: Game counter: 2537
     0 | D:1      | 0 ||| qw: Always use a shield: true
     0 | D:1      | 0 ||| qw: God list: Okawaru
     0 | D:1      | 0 ||| qw: Allow faded altars: false
     0 | D:1      | 0 ||| qw: Do Orc after D:15 true
     0 | D:1      | 0 ||| qw: Do second Lair branch before Depths: true
     0 | D:1      | 0 ||| qw: Lair rune preference: random
     0 | D:1      | 0 ||| qw: Plans: Normal
     0 | D:1      | 0 ||| PLANNING D:1-11
    66 | D:1      | Reached XP level 2. HP: 17/17 MP: 6/6
    88 | D:1      | Reached skill level 3 in Axes
   130 | D:1      | 130 ||| Stepping ~*~*~tactically~*~*~ (stealth).
   132 | D:1      | 132 ||| Stepping ~*~*~tactically~*~*~ (stealth).
   134 | D:1      | 134 ||| Stepping ~*~*~tactically~*~*~ (stealth).
   187 | D:1      | HP: 4/17 [quokka (4)]
   830 | D:1      | Reached XP level 3. HP: 21/21 MP: 7/7
  1002 | D:1      | Reached skill level 4 in Axes
  1096 | D:1      | 1096 ||| UPGRADING to +1 hat.
  1101 | D:1      | 1101 ||| READING 3 scrolls labelled NUCSIFF KATRIY.
  1102 | D:1      | 1102 ||| READING scroll labelled QESERE OTATT.
  1105 | D:1      | 1105 ||| READING 2 scrolls of identify.
  1105 | D:1      | 1105 ||| IDENTIFYING grey potion
  1106 | D:1      | 1106 ||| DROPPING scroll of blinking.
  1235 | D:2      | 1235 ||| Stepping ~*~*~tactically~*~*~ (hiding).
  1337 | D:2      | 1337 ||| Stepping ~*~*~tactically~*~*~ (hiding).
  1439 | D:2      | 1439 ||| Stepping ~*~*~tactically~*~*~ (hiding).
  1440 | D:2      | 1440 ||| Stepping ~*~*~tactically~*~*~ (hiding).
  1917 | D:2      | 1917 ||| Stepping ~*~*~tactically~*~*~ (hiding).
  2019 | D:2      | 2019 ||| Stepping ~*~*~tactically~*~*~ (hiding).
  2121 | D:2      | 2121 ||| Stepping ~*~*~tactically~*~*~ (hiding).
  2211 | D:2      | Reached XP level 4. HP: 14/26 MP: 8/8
  2816 | D:2      | 2816 ||| UPGRADING to +0 cloak.
  2821 | D:2      | 2821 ||| UPGRADING to +0 plate armour.
  2831 | D:2      | 2831 ||| DROPPING +0 leather armour.
  2832 | D:2      | 2832 ||| READING scroll labelled JEUKAN RUCI.
  2833 | D:2      | 2833 ||| DRINKING 2 viscous sapphire potions.
  2834 | D:2      | 2834 ||| READING 2 scrolls of identify.
  2834 | D:2      | 2834 ||| IDENTIFYING fuming grey potion
  2835 | D:2      | 2835 ||| DROPPING potion of degeneration.
  2836 | D:2      | 2836 ||| READING scroll of teleportation.
  2887 | D:3      | HP: 3/26 [iguana (9)]
  2889 | D:3      | Slain by an iguana

Levels and vault maps discovered:
D:1:      lightli_arrival_statuegarden, layout_rooms, serial_forest,
          infiniplex_forest_clump_long, infiniplex_forest_end_3,
          infiniplex_forest_straight_5, infiniplex_forest_end_3,
          infiniplex_forest_corner_2, infiniplex_forest_end_2,
          infiniplex_forest_clump_curved, glass_columns_c
D:2:      layout_loops_cross
D:3:      kb_forest_paths, layout_basic, chequers_ecumenical_altar_lobes,
          uniq_sigmund

Skill      XL: |  1  2  3 |
---------------+----------+-----
Axes           | 3 4 |  4.9
Fighting       | |  2.0
Throwing       | |  1.0
Armour         | |  1.1
Dodging        | |  2.1
Spellcasting   | |  2.0
Translocations | |  2.4

Action                   |  1- 3 |  4- 6 || total
-------------------------+-------+-------++-------
Melee: Hand axe          |    94 |    24 ||   118
       Kick              |    20 |     5 ||    25
       Peck              |    10 |     4 ||    14
       Punch             |       |     1 ||     1
Throw: Boomerang         |     7 |       ||     7
  Use: Scroll            |     3 |     3 ||     6
       Potion            |       |     1 ||     1
Armor: Leather armour    |    21 |     6 ||    27
       Plate armour      |       |     2 ||     2
Dodge: Dodged            |    53 |    11 ||    64

Table legend:
 A = Non-vault XP
 B = Vault XP
 C = Vault XP percentage of total XP
 D = Non-vault monster count
 E = Vault monster count
 F = Vault count percentage of total count
                 A         B        C        D         E       F
            +---------+---------+-------+---------+---------+-------
      Total |     109 |       0 |   0.0 |      45 |       0 |   0.0
            +---------+---------+-------+---------+---------+-------
        D:1 |      46 |       0 |   0.0 |      28 |       0 |   0.0
        D:2 |      62 |       0 |   0.0 |      16 |       0 |   0.0
        D:3 |       1 |       0 |   0.0 |       1 |       0 |   0.0
            +---------+---------+-------+---------+---------+-------
